 Dungeon Crawl Stone Soup version 0.32-a0-13-gbaedc5810e (webtiles) character file.

Game seed: 17360566674168608637

137 Ivernyr the Shield-Bearer (level 5, -1/42 HPs)
             Began as a Formicid Fighter on Jan 15, 2024.
             Succumbed to an adder's poison
             ... on level 5 of the Dungeon.
             The game lasted 00:03:46 (2047 turns).

Ivernyr the Shield-Bearer (Formicid Fighter)        Turns: 2047, Time: 00:03:47

Health: -1/42      AC:  7    Str: 23    XL:     5   Next: 44%
Magic:  5/5        EV:  9    Int:  7    God:
Gold:   198        SH:  5    Dex: 13    Spells: 4/4 levels left

rFire   + . .        a - +0 quarterstaff
rCold   . . .        c - +0 buckler
rNeg    . . .        b - +0 scale mail
rPois   .            (helmet unavailable)
rElec   .            (no cloak)
rCorr   .            (no gloves)
SInv    +            (no boots)
Will    +....        (no amulet) Stlth
                     g - ring of protection from fire
HPRegen 0.27/turn    p - ring of willpower
MPRegen 0.09/turn

%: no passive effects
@: lethally poisoned (-1 -> -5)
A: permanent stasis, dig shafts and tunnels, antennae 3, four strong arms
a: Dig, Shaft Self


You were on level 5 of the Dungeon.
You visited 1 branch of the dungeon, and saw 5 of its levels.

You collected 198 gold pieces.

Inventory:

Hand Weapons
 a - a +0 quarterstaff (weapon)
Armour
 b - a +0 scale mail (worn)
 c - a +0 buckler (worn)
Jewellery
 g - a ring of protection from fire (left hand)
 p - a ring of willpower (right hand)
Scrolls
 f - 2 scrolls of fear {unknown}
 h - a scroll of fog {unknown}
 i - 2 scrolls of enchant weapon {unknown}
 k - 3 scrolls of identify {unknown}
 m - a scroll of amnesia {unknown}
 o - a scroll of vulnerability {unknown}
Potions
 d - a potion of might
 e - 3 potions of curing {unknown}
 j - a potion of ambrosia {unknown}
 l - a potion of haste {unknown}
 n - 2 potions of degeneration {unknown}


   Skills:
 + Level 4.0 Fighting
 * Level 3.5 Staves
 + Level 4.0 Armour
 + Level 5.0 Shields


You had 4 spell levels left.
You didn't know any spells.
Your spell library contained the following spells:

 Spells                   Type           Power      Damage    Failure   Level
 Sublimation of Blood     Necr           0%         N/A       91%         2
 Tukima's Dance           Hex            0%         N/A       99%         3
 Dimensional Bullseye     Hex/Tloc       0%         N/A       100%        4
 Iskenderun's Mystic Bla  Conj/Tloc      0%         2d3       100%        4
 Petrify                  Alch/Erth      0%         N/A       100%        4
 Irradiate                Conj/Alch      0%         3d11      100%        5


Dungeon Overview and Level Annotations

Branches:
Dungeon (6/15)
 Temple: D:4-7

Altars:

Shops:
D:1 ?

Annotations:
D:3 1 runed translucent door, peterlawrence's ghost, amateur MiFi


Innate Abilities, Weirdness & Mutations

You cannot be hasted, slowed, berserked, paralysed or teleported.
You can dig through walls and to a lower floor.
You have a pair of large antennae on your head. (SInv)
Your four strong arms can wield two-handed weapons with a shield.


Message History

You block the ufetubus's attack.
The ufetubus hits you but does no damage.
The iguana bites you.
* * * LOW HITPOINT WARNING * * *
You closely miss the ufetubus.
The ufetubus is heavily wounded.
You block the adder's attack.
The ufetubus hits you but does no damage. x2
The phantom hits you but does no damage.
The iguana bites you but does no damage.
The adder bites you.
* * * LOW HITPOINT WARNING * * *
You hit the ufetubus.
The ufetubus is heavily wounded.
You block the ufetubus's attack. x2; The ufetubus hits you.
* * * LOW HITPOINT WARNING * * *
The ufetubus closely misses you. The phantom closely misses you.
The adder bites you but does no damage. The iguana completely misses you.
Unknown command.
You miss the ufetubus.
The ufetubus is heavily wounded.
The ufetubus barely misses you. x2; The adder closely misses you.
The phantom hits you but does no damage.
The iguana bites you.
* * * LOW HITPOINT WARNING * * *
The ufetubus hits you but does no damage.
The ufetubus barely misses you.
You barely miss the ufetubus.
The ufetubus is heavily wounded.
The adder barely misses you. You block the ufetubus's attack.
The ufetubus closely misses you.
The phantom hits you but does no damage.
The iguana bites you but does no damage.
The adder bites you.
* * * LOW HITPOINT WARNING * * *
You are lethally poisoned!
The adder poisons you!
You thump the ufetubus!
You kill the ufetubus!
You die...

.#.....##.#..$.......
.......#..##.#.......
..........#.........
......###...^.....#
.....###..........# .
.....# #...#.....## ...
.......B..##..BJ## #..#
........####..YS##....#.
...##...#.....sW@.......
...........#l##......
...........###. .....
............ .# ....
........ .. ... .......
... .. ..... ...# . ..##


You could see an ice beast, a phantom, a scorpion, a bombardier beetle, an
iguana, a jelly and an adder.

Vanquished Creatures
  A howler monkey (D:6)
  4 adders
  2 ufetubi (D:5)
  A ribbon worm (D:3)
  An orc (D:3)
  A ball python (D:2)
  2 bats
  7 endoplasms
  2 giant cockroaches
  5 hobgoblins
  6 jackals
  3 quokkas
  A frilled lizard (D:1)
  5 goblins
  5 kobolds
  4 rats
50 creatures vanquished.

Notes
Turn   | Place    | Note
-------+----------+-------------------------------------------
     0 | D:1      | Ivernyr the Formicid Fighter began the quest for the Orb.
     0 | D:1      | Reached XP level 1. HP: 18/18 MP: 1/1
    59 | D:1      | Found a faded altar of an unknown god.
    89 | D:1      | Reached XP level 2. HP: 24/24 MP: 2/2
   776 | D:1      | Found Oresoem's Magic Scroll Boutique.
   824 | D:2      | Reached XP level 3. HP: 29/29 MP: 3/3
  1084 | D:2      | Reached XP level 4. HP: 37/37 MP: 4/4
  1444 | D:3      | Found a runed translucent door.
  1447 | D:3      | Noticed peterlawrence's ghost (amateur MiFi)
  1817 | D:3      | HP: 1/37 [gnoll bouda/+0 whip (7)]
  1822 | D:3      | HP: 1/37 [gnoll bouda/+0 whip (1)]
  1823 | D:3      | You fall into a shaft and drop 3 floors!
  2002 | D:6      | Noticed an ice beast
  2003 | D:6      | Reached XP level 5. HP: 32/42 MP: 5/5
  2009 | D:5      | Entered Level 5 of the Dungeon
  2009 | D:5      | Noticed a phantom
  2010 | D:5      | Noticed an ice beast
  2022 | D:5      | Reached skill level 5 in Shields
  2045 | D:5      | HP: 1/42 [iguana (3)]
  2047 | D:5      | Succumbed to an adder's poison

Illustrated notes

Levels and vault maps discovered:
D:1:      giann_bridges, layout_basic, serial_shops, nicolae_shop_rolled_up,
          shapermc_ecumenical_altar_acropolis
D:2:      layout_rooms, minmay_diced_spiral
D:3:      minmay_chambers_of_threes, layout_rooms, ebering_ghost_sewer_d
D:5:      layout_cave_pools, serial_shops, nicolae_shop_tiny_glass,
          serial_demonic, serial_demonic_f, serial_demonic_e, serial_demonic_d,
          serial_demonic_d, serial_demonic_f, serial_demonic_e
D:6:      layout_layer_cave, mainiacjoe_overflow_alcove_4, st_stairs_12,
          uniq_grinder

Skill      XL: |  1  2  3  4  5 |
---------------+----------------+-----
Staves         | 3 |  3.5
Fighting       | 4 |  4.0
Armour         | 4 |  4.0
Shields        | 5 |  5.0

Action                     |  1- 3 |  4- 6 || total
---------------------------+-------+-------++-------
  Melee: Quarterstaff      |    89 |    83 ||   172
Ability: Shaft Self        |       |     1 ||     1
 Armour: Scale mail        |    54 |    93 ||   147
  Dodge: Dodged            |    36 |    67 ||   103
  Block: Buckler           |    19 |    39 ||    58

Table legend: (Time is in decaauts)
 A = Elapsed time spent in this place.
 B = Non-inter-level travel time spent in this place.
 C = Inter-level travel time spent in this place.
 D = Time resting spent in this place.
 E = Time spent auto-exploring this place.
 F = Levels seen in this place.
 G = Mean time per level.
                   A        B        C        D        E       F      G
               +--------+--------+--------+--------+--------+-----+--------+
         Total |   2077 |   2011 |     66 |    159 |   1411 |   5 |  415.4 |
       Dungeon |   2077 |   2011 |     66 |    159 |   1411 |   5 |  415.4 |
               +--------+--------+--------+--------+--------+-----+--------+

Top non-repeatable levels by time:
     D:1: 823 daAuts
     D:2: 639 daAuts
     D:3: 385 daAuts
     D:6: 188 daAuts
     D:5: 40 daAuts
